AoeStats
← Ux'DonChauron

MegaRandom

510615064Analyzed
4v4 RM · 22h ago on Oct 1, 2026· 29m 27s· 8 players
Game mode
Random Map
Map size
Large (8 player)
Population
200
Speed
Normal
Resources
Standard
Victory
Conquest
Starting age
Dark Age
Ending age
Imperial Age
RankedLock teamsTeams togetherTeam positionsShared explorationLock speedFull tech treeHidden civsTurbo modeCheats
Victory
Defeat
🇪🇸 Mongols · Spain
1584
+12
🇪🇸 Britons · Spain
1483
+16
🇪🇸 Magyars · Spain
1479
+16
1374
+19
🇵🇪 Tatars · Peru
1501
-17
🇹🇷 Franks · Türkiye
1477
-16
🇸🇪 Spanish · Sweden
1460
-15
🇫🇷 Persians · France
1460
-15
Dark Horse
6:37 Loom
6:41 Loom
9:00 Feudal Age
9:52 Double-Bit Axe
10:25 Horse Collar
12:21 Forging
15:33 Scale Barding Armor
21:14 Wheelbarrow
21:19 Bloodlines
Sgt. Love
8:43 Loom
10:54 Feudal Age
16:57 Castle Age
16:28 Double-Bit Axe
22:04 Town Watch
ValerioN__
10:41 Feudal Age
11:36 Loom
14:34 Castle Age
12:35 Double-Bit Axe
17:15 Scale Barding Armor
Kaanan
7:03 Loom
9:53 Feudal Age
10:24 Double-Bit Axe
13:25 Fletching
14:38 Horse Collar
17:11 Padded Archer Armor
Ux'DonChauron
5:22 Loom
8:09 Feudal Age
10:37 Fletching
20:31 Castle Age
19:03 Padded Archer Armor
19:23 Gold Mining
19:49 Horse Collar
20:37 Crossbowman
21:31 Bodkin Arrow
24:33 Wheelbarrow
24:09 Double-Bit Axe
25:15 Ballistics
25:41 Town Watch
29:19 Bow Saw
29:15 Heavy Plow
Ux'Tycho0201
5:42 Loom
9:39 Feudal Age
10:14 Double-Bit Axe
13:11 Scale Barding Armor
16:04 Horse Collar
19:35 Gold Mining
22:24 Castle Age
21:30 Bloodlines
21:37 Gold Mining
23:33 Chain Barding Armor
25:26 Fletching
26:18 Husbandry
27:07 Town Watch
Ux'TheNovack
3:05 Loom
9:45 Feudal Age
10:14 Double-Bit Axe
12:33 Fletching
14:28 Padded Archer Armor
22:04 Castle Age
22:17 Crossbowman
22:59 Bodkin Arrow
24:58 Wheelbarrow
26:08 Horse Collar
Izuru Alexandros RÆ
6:33 Loom
8:40 Feudal Age
9:22 Double-Bit Axe
13:25 Forging
22:01 Castle Age
20:30 Scale Barding Armor
23:19 Wheelbarrow
25:49 Husbandry
26:18 Bloodlines
28:10 Gold Mining
29:47 Iron Casting
Connection lost

Rejoining the realm…

Still unreachable

The connection could not be restored.

Session expired

The server has moved on; the page needs a fresh start.